 Dungeon Crawl Stone Soup version 0.21.1-1-g345015f (webtiles) character file.

129 Kuinu the Cutter (level 5, 0/32 HPs)
             Began as a Kobold Skald on July 17, 2018.
             Slain by a gnoll
             ... wielding a +0 vampiric spear
              (7 damage)
             ... on level 3 of the Dungeon.
             The game lasted 00:15:14 (2045 turns).

Kuinu the Cutter (Kobold Skald)                     Turns: 2045, Time: 00:15:15

Health: 0/32       AC:  3    Str:  9    XL:     5   Next: 35%
Magic:  5/9        EV: 15    Int: 15    God:
Gold:   88         SH:  0    Dex: 14    Spells: 4/9 levels left

rFire    x . .     SeeInvis .   g - +1 short sword (protect)
rCold    + . .     Gourm    .   (shield restricted)
rNeg     . . .     Faith    .   b - +0 leather armour
rPois    .         Spirit   .   (no helmet)
rElec    .         Reflect  .   (no cloak)
rCorr    .         Harm     .   (no gloves)
MR       +....                  (no boots)
Stlth    +.........             (no amulet)
HPRegen  0.10/turn              i - ring of ice
MPRegen  0.11/turn              q - ring of protection from magic

@: very slightly contaminated
A: small, carnivore
a: no special abilities


You were on level 3 of the Dungeon.
You were completely stuffed.

You visited 1 branch of the dungeon, and saw 3 of its levels.

You collected 88 gold pieces.

Inventory:

Hand Weapons
 a - a +0 falchion
 g - a +1 short sword of protection (weapon)
 m - a +4 whip
Missiles
 n - 56 sling bullets
Armour
 b - a +0 leather armour (worn)
 h - a +0 leather armour
Jewellery
 e - an uncursed ring of flight
 i - a ring of ice (left hand)
 q - a ring of protection from magic (right hand)
Scrolls
 f - 4 scrolls of remove curse {unknown}
 l - a scroll of blinking {unknown}
 r - a scroll of enchant weapon {unknown}
 t - a scroll of enchant armour {unknown}
Potions
 j - 2 potions of heal wounds {unknown}
 k - 2 potions of mutation {unknown}
 o - 2 potions of curing {unknown}
 s - a potion of experience {unknown}
Books
 c - a book of Battle

   Spells                             Type                      Level
   a - Infusion                       Charms                       1
   b - Shroud of Golubria             Charms/Translocation         2
   c - Song of Slaying                Charms                       2
   d - Spectral Weapon                Hexes/Charms                 3
   e - Regeneration                   Charms/Necromancy            3
Comestibles
 d - 4 rations
 p - 2 chunks of flesh


   Skills:
 + Level 3.0 Fighting
 * Level 3.1(3.6) Short Blades
 - Level 1.5(2.0) Long Blades
 + Level 1.5 Armour
 + Level 3.1 Dodging
 + Level 2.7 Spellcasting
 + Level 2.8 Charms


You had 4 spell levels left.
You knew the following spells:

 Your Spells              Type           Power        Failure   Level  Hunger
a - Infusion              Chrm           ##..         9%          1    #......
b - Shroud of Golubria    Chrm/Tloc      #.........   24%         2    ##.....
c - Song of Slaying       Chrm           ##......     13%         2    ##.....


Dungeon Overview and Level Annotations

Branches:
Dungeon (3/15)

Altars:
Ru

Annotations:
D:3 olivier's ghost, amateur MfFi


Innate Abilities, Weirdness & Mutations

You are small and have problems with some larger weapons.
You are carnivorous and can eat meat at any time.


Message History

The gnoll barely misses you. The gnoll closely misses you.
The gnoll hits you but does no damage. The gnoll completely misses you.
You see here a throwing net.
The gnoll hits you with a whip.
The gnoll hits you from afar with a vampiric spear.
* * * LOW HITPOINT WARNING * * *
Casting: Infusion
Confirm with . or Enter, or press ? or * to list all spells.
You miscast Song of Slaying.
You are very lightly contaminated with residual magic.
Nothing appears to happen.
Unknown command.
The gnoll hits you but does no damage.
Casting: Song of Slaying
Confirm with . or Enter, or press ? or * to list all spells.
Space distorts slightly along a thin shroud covering your body.
The gnoll closely misses you.
The gnoll hits you from afar with a vampiric spear!
You die...

.# #..........# ......# .#
#..........#.......# ##_ .#
#....(.....##.....# .#.
.#######..........###...###
....
...g.).).........###......#
..o.
.#######.>........##......#
.8. .#
#..........g...o>..##.# .#
#........g.#.g.<......####
.#
#...)....@.##.(...........
##
#..........##...<..##.....
##.....>..########## ....
##......## ... ######## ##


You could see 2 gnolls.

Vanquished Creatures
  Jessica (D:2)
  Terence (D:3)
  2 gnolls (D:3)
  2 adders
  An ooze (D:2)
  2 leopard geckos
  5 bats
  5 giant cockroaches
  3 goblins
  3 hobgoblins
  A ball python (D:3)
  3 frilled lizards
  2 kobolds
  5 rats
36 creatures vanquished.

Notes
Turn   | Place    | Note
-------+----------+-------------------------------------------
     0 | D:1      | Kuinu the Kobold Skald began the quest for the Orb.
     0 | D:1      | Reached XP level 1. HP: 12/12 MP: 3/3
   256 | D:1      | Reached XP level 2. HP: 8/18 MP: 5/5
   265 | D:1      | Learned a level 2 spell: Shroud of Golubria
   268 | D:1      | Learned a level 2 spell: Song of Slaying
   347 | D:1      | Reached skill level 1 in Short Blades
  1095 | D:2      | Reached skill level 1 in Armour
  1095 | D:2      | Reached XP level 3. HP: 15/22 MP: 6/6
  1584 | D:2      | Noticed Jessica
  1603 | D:2      | Killed Jessica
  1603 | D:2      | Reached XP level 4. HP: 16/27 MP: 0/7
  1877 | D:3      | Noticed olivier's ghost (amateur MfFi)
  1930 | D:3      | Noticed Terence
  1943 | D:3      | Killed Terence
  1943 | D:3      | Reached XP level 5. HP: 32/32 MP: 1/9
  2032 | D:3      | Found a sacrificial altar of Ru.
  2045 | D:3      | Slain by a gnoll

Skill      XL: |  1  2  3  4  5 |
---------------+----------------+-----
Short Blades   | 1 2 3 |  3.1
Armour         | 1 |  1.5
Dodging        | 3 |  3.1
Fighting       | 3 |  3.0
Long Blades    | |  1.5
Spellcasting   | |  2.7
Charms         | |  2.8

Action                   |  1- 3 |  4- 6 || total
-------------------------+-------+-------++-------
Melee: Falchion          |    11 |       ||    11
       Short sword       |    85 |    46 ||   131
 Cast: Infusion          |     3 |     1 ||     4
       Shroud of Golubri |     2 |     1 ||     3
  Use: Scroll            |     2 |       ||     2
  Eat: Chunk             |     8 |     2 ||    10
       Ration            |     1 |       ||     1
Armor: Leather armour    |    42 |    15 ||    57
Dodge: Dodged            |    67 |    28 ||    95
       Rpst.: Falchion   |     2 |       ||     2
